 Dungeon Crawl Stone Soup version 0.30-b1-2-g02819fbbbe (webtiles) character file.

Game seed: 3696698873923011551

42 sanka the Charlatan (level 3, 0/20 HPs)
             Began as a Deep Elf Artificer on May 11, 2023.
             Slain by a gnoll
             ... wielding a +0 flail
              (5 damage)
             ... on level 2 of the Dungeon.
             The game lasted 00:04:01 (1738 turns).

sanka the Charlatan (Deep Elf Artificer)            Turns: 1738, Time: 00:04:01

Health: 0/20       AC:  6    Str:  9    XL:     3   Next: 35%
Magic:  5/5        EV: 11    Int: 17    God:
Gold:   24         SH:  0    Dex: 15    Spells: 2/2 levels left

rFire   . . .        q - +0 flail
rCold   . . .        (no shield)
rNeg    . . .        j - +0 ring mail
rPois   .            (no helmet)
rElec   .            (no cloak)
rCorr   .            n - +0 pair of gloves
SInv    .            (no boots)
Will    .....        l - amulet of magic regeneration
Stlth   +            (no ring)
HPRegen 0.23/turn    (no ring)
MPRegen 0.49/turn

%: no passive effects
@: no status effects
A: no striking features
a: no special abilities


You were on level 2 of the Dungeon.
You visited 1 branch of the dungeon, and saw 2 of its levels.

You collected 24 gold pieces.

Inventory:

Hand Weapons
 a - a +0 club
 i - a +0 whip
 q - a +0 flail (weapon)
Armour
 b - a +0 leather armour
 j - a +0 ring mail (worn)
 n - a +0 pair of gloves (worn)
Jewellery
 l - an amulet of magic regeneration (around neck)
Wands
 c - a wand of flame (5) (quivered)
 d - a wand of charming (12)
 e - a wand of iceblast (5)
Scrolls
 f - a scroll of enchant armour {unknown}
 k - a scroll of teleportation {unknown}
 p - a scroll of identify {unknown}
Potions
 g - a potion of degeneration {unknown}
 h - 2 potions of might {unknown}
 m - a potion of ambrosia {unknown}
 o - a potion of berserk rage {unknown}


   Skills:
 + Level 1.5 Fighting
 - Level 0.7 Armour
 + Level 3.2 Dodging
 - Level 1.2 Stealth
 - Level 4.0 Evocations


You had 2 spell levels left.
You didn't know any spells.
Your spell library was empty.

Dungeon Overview and Level Annotations

Branches:
Dungeon (2/15)

Altars:


Message History

HP restored.
Items here: ))) ††.
q - a +0 flail
q - a +0 flail (weapon)
Unknown command.
h - 2 smoky dark potions (gained 1)
A frilled lizard comes into view.
The frilled lizard hisses angrily.
You miss the frilled lizard.
The frilled lizard unfolds its giant frill.
The frilled lizard misses you.
The frilled lizard bites you but does no damage.
You miss the frilled lizard. The frilled lizard closely misses you.
You sock the frilled lizard!
You kill the frilled lizard!
No target in view!
No target in view!
You see here a frilled lizard corpse.
You see here a frilled lizard corpse.
A gnoll is nearby!
The gnoll shouts!
Press: ? - help, v - describe, . - travel
Here: a gnoll, wielding a +0 flail The floor.
You start waiting.
A gnoll is nearby!
You hit the gnoll but do no damage. The gnoll hits you with a +0 flail.
You hit the gnoll.
The gnoll is lightly wounded.
The gnoll misses you.
You sock the gnoll!
The gnoll is severely wounded.
The gnoll barely misses you. The gnoll hits you with a +0 flail!
Ouch! That really hurt!
* * * LOW HITPOINT WARNING * * *
Aiming: Throw Flame
Press: ? - help, Shift-Dir - straight line, f - gnoll
Aim: a gnoll, wielding a +0 flail (severely wounded, 75% to hit)
The puff of flame misses the gnoll.
The gnoll hits you with a +0 flail.
You die...

.# #)######..# .###
#.........# ...#
######.##.# .#.###
#....##.#
)....######.#####.#
.#.<..#.÷.....÷...#
......#.##÷#####..#
.#.##...g......#..###
...#...>^..###.#@...#
.#.#.####### #.g..#.#
.....# ######.#
....## #.# ##### ###
#.# #<# #.# #.# #.#
#†# #.# ######.# #.#


You could see a gnoll.

Vanquished Creatures
  A gnoll (D:2)
  A dart slug (D:1)
  4 ball pythons
  3 endoplasms (D:1)
  A giant cockroach (D:1)
  4 hobgoblins
  A kobold (D:1)
  2 quokkas (D:1)
  3 bats
  2 frilled lizards
  4 rats
26 creatures vanquished.

Vanquished Creatures (others)
  2 gnolls (D:2)
  3 fungi (D:2)
  A plant (D:2)
6 creatures vanquished.

Grand Total: 32 creatures vanquished

Notes
Turn   | Place    | Note
-------+----------+-------------------------------------------
     0 | D:1      | sanka the Deep Elf Artificer began the quest for the Orb.
     0 | D:1      | Reached XP level 1. HP: 11/11 MP: 3/3
   544 | D:1      | Reached skill level 4 in Evocations
   544 | D:1      | Reached XP level 2. HP: 12/16 MP: 4/4
   810 | D:1      | Reached skill level 1 in Fighting
  1492 | D:2      | Reached XP level 3. HP: 16/20 MP: 5/5
  1738 | D:2      | Slain by a gnoll

Illustrated notes

Levels and vault maps discovered:
D:1:      reono_arrival_mine, layout_basic
D:2:      layout_basic, dreamdust_ecumenical_altar_grove, serial_glass,
          glass_columns_c, glass_columns_a, kennysheep_generic_room_12

Skill      XL: |  1  2 |
---------------+-------+-----
Evocations     | 4 |  4.0
Fighting       | 1 |  1.5
Dodging        | 3 |  3.2
Armour         | |  0.7
Stealth        | |  1.2

Action                     || total
---------------------------++-------
  Melee: Club              ||    77
         Punch             ||     2
         Whip              ||    56
         Flail             ||     6
  Evoke: Wand              ||    13
   Stab: Sleeping          ||     1
 Armour: Leather armour    ||    25
         Ring mail         ||    15
  Dodge: Dodged            ||   108
